 Dungeon Crawl Stone Soup version 0.29-a0-1009-g60c99734e7 (webtiles) character file.

Game seed: 6301634651106854612

7 Manisian the Grasshopper (level 1, 10/10 HPs)
             Began as a Spriggan Warper on Aug 8, 2022.
             Quit the game on level 1 of the Dungeon.
             The game lasted 00:01:04 (442 turns).

Manisian the Grasshopper (Spriggan Warper)           Turns: 442, Time: 00:01:05

Health: 10/10      AC:  2    Str:  7    XL:     1   Next: 83%
Magic:  5/5        EV: 17    Int: 14    God:
Gold:   11         SH:  0    Dex: 14    Spells: 6/6 levels left

rFire   . . .      SeeInvis +   a - +0 short sword
rCold   . . .      Faith    .   (no shield)
rNeg    . . .      Spirit   .   b - +0 robe
rPois   .          Reflect  .   (helmet restricted)
rElec   .          Harm     .   (no cloak)
rCorr   .          Rampage  .   (gloves unavailable)
Will    .....                   (boots unavailable)
Stlth   ++........              (no amulet)
HPRegen 0.03/turn               (no ring)
MPRegen 0.09/turn               (no ring)

@: very quick
A: very small, no large weapons, unfitting armour, see invisible, speed 3
a: no special abilities


You were on level 1 of the Dungeon.
You visited 1 branch of the dungeon, and saw 1 of its levels.

You collected 11 gold pieces.

Inventory:

Hand Weapons
 a - a +0 short sword (weapon)
Missiles
 d - 5 boomerangs of dispersal (quivered)
 f - 6 poisoned darts
Armour
 b - a +0 robe (worn)
Scrolls
 c - a scroll of blinking
 e - a scroll of fear {unknown}
 g - a scroll of identify {unknown}


   Skills:
 + Level 1.6 Fighting
 + Level 2.1 Short Blades
 + Level 1.0 Throwing
 + Level 3.3 Dodging
 * Level 0.9 Stealth
 + Level 3.0 Spellcasting
 + Level 4.4 Translocations


You had 6 spell levels left.
You didn't know any spells.
Your spell library contained the following spells:

 Spells                   Type           Power      Damage    Failure   Level
 Blink                    Tloc           28%        N/A       5%          2
 Gell's Gravitas          Tloc           14%        N/A       11%         3
 Lesser Beckoning         Tloc           14%        N/A       11%         3
 Teleport Other           Tloc           14%        N/A       11%         3
 Manifold Assault         Tloc           14%        N/A       67%         5


Dungeon Overview and Level Annotations

Branches:
Dungeon (1/15)

Altars:


Innate Abilities, Weirdness & Mutations

You are very small and have problems with some larger weapons.
You are too small for most types of armour.
You have supernaturally acute eyesight. (SInv)
You cover ground extremely quickly. (Speed+++)


Message History

The boomerang of dispersal hits the ball python.
The ball python blinks!
You kill the ball python!
The hobgoblin hits you but does no damage.
You hit the hobgoblin.
The hobgoblin is severely wounded.
The hobgoblin barely misses you.
You hit the hobgoblin.
The hobgoblin is almost dead.
The hobgoblin hits you.
You hit the hobgoblin but do no damage.
The hobgoblin is almost dead.
The hobgoblin misses you.
You hit the hobgoblin but do no damage.
The hobgoblin is almost dead.
The hobgoblin hits you but does no damage.
You closely miss the hobgoblin.
The hobgoblin is almost dead.
The hobgoblin closely misses you.
You closely miss the hobgoblin.
The hobgoblin is almost dead.
The hobgoblin closely misses you.
You barely miss the hobgoblin.
The hobgoblin is almost dead.
The hobgoblin hits you.
You barely miss the hobgoblin.
The hobgoblin is almost dead.
The hobgoblin misses you.
You hit the hobgoblin.
You kill the hobgoblin!
You now have 11 gold pieces (gained 5).
g - a scroll labelled ITOKUY WUWEOL A goblin comes into view.
It is wielding a +0 dagger.
A goblin is nearby!
A kobold comes into view. It is wielding a +0 whip.
The goblin shouts!
Found a white potion.
A dart slug comes into view.
Unknown command.
Are you sure you want to abandon this character and quit the game? (Confirm with "yes".)

.. .. .. #.. .. ..#
#.##. #.#
#..#!#####.#### ...
.##.... ........ ..#.#
.....#.###.##..# #.#.#
......$.....##.## #.#.#
#.Kg...@........####.#.#
..w.#######.##.......#.#
. #.##.......#.#
#..........#..
####........#.
#......#†.. #......##..
#......#### #......# #


You could see a dart slug (wandering), a goblin and a kobold.

Vanquished Creatures
  A dart slug (D:1)
  A ball python (D:1)
  A hobgoblin (D:1)
  2 rats (D:1)
5 creatures vanquished.

Notes
Turn   | Place    | Note
-------+----------+-------------------------------------------
     0 | D:1      | Manisian the Spriggan Warper began the quest for the Orb.
     0 | D:1      | Reached XP level 1. HP: 10/10 MP: 5/5
   442 | D:1      | Quit the game

Illustrated notes

Levels and vault maps discovered:
D:1:      kennysheep_arrival_seaside, layout_rooms

Skill      XL: |  1 |
---------------+----+-----
Spellcasting   | 3 |  3.0
Fighting       | |  1.6
Short Blades   | |  2.1
Throwing       | |  1.0
Dodging        | |  3.3
Stealth        | |  0.9
Translocations | |  4.4

Action                   || total
-------------------------++-------
Melee: Short sword       ||    23
       Punch             ||     1
Throw: Boomerang         ||     2
Armor: Robe              ||     2
Dodge: Dodged            ||    11

Table legend: (Time is in decaauts)
 A = Elapsed time spent in this place.
 B = Non-inter-level travel time spent in this place.
 C = Inter-level travel time spent in this place.
 D = Time resting spent in this place.
 E = Time spent auto-exploring this place.
 F = Levels seen in this place.
 G = Mean time per level.
                   A        B        C        D        E       F      G
               +--------+--------+--------+--------+--------+-----+--------+
         Total |    412 |    412 |      0 |      0 |    367 |   1 |  412.0 |
       Dungeon |    412 |    412 |      0 |      0 |    367 |   1 |  412.0 |
               +--------+--------+--------+--------+--------+-----+--------+

Top non-repeatable levels by time:
     D:1: 412 daAuts
